 Dungeon Crawl Stone Soup version 0.21.1-1-g345015f (webtiles) character file.

102 Labyrinth the Firebug (level 4, -10/33 HPs)
             Began as a Draconian Fire Elementalist on July 26, 2018.
             Killed by divine providence
             ... invoked by an orc priest
              (13 damage)
             ... on level 3 of the Dungeon.
             The game lasted 00:11:37 (2372 turns).

Labyrinth the Firebug (Draconian Fire Elementalist) Turns: 2372, Time: 00:11:37

Health: -10/33     AC:  5    Str: 12    XL:     4   Next: 50%
Magic:  0/7        EV: 11    Int: 15    God:
Gold:   59         SH:  0    Dex: 11    Spells: 2/8 levels left

rFire    . . .     SeeInvis .   d - +0 spear
rCold    . . .     Gourm    .   (no shield)
rNeg     . . .     Faith    .   (armour unavailable)
rPois    .         Spirit   .   (helmet restricted)
rElec    .         Reflect  .   (no cloak)
rCorr    .         Harm     +   (no gloves)
MR       .....                  (no boots)
Stlth    +.........             i - amulet of harm
HPRegen  0.11/turn              (no ring)
MPRegen  0.10/turn              (no ring)

@: very slightly contaminated, heavily drained
A: unfitting armour, hooves 1, horns 1, cold-blooded, AC +5
a: no special abilities


You were on level 3 of the Dungeon.
You were not hungry.

You visited 1 branch of the dungeon, and saw 3 of its levels.

You collected 59 gold pieces.

Inventory:

Hand Weapons
 d - a +0 spear (weapon)
 e - a +0 whip of electrocution
Missiles
 c - 126 stones (quivered)
 p - 23 bolts
Jewellery
 i - an amulet of harm (around neck)
 t - an uncursed amulet of faith
Scrolls
 m - a scroll of immolation
 o - a scroll of blinking
 q - 2 scrolls of fear {unknown}
Potions
 f - a potion of flight {unknown}
 h - a potion of brilliance
 j - 2 potions of might
 k - a potion of berserk rage {unknown}
 l - a potion of resistance {unknown}
 n - 3 potions of curing
 s - a potion of mutation
Books
 a - a book of Flames

   Spells                             Type                      Level
   a - Flame Tongue                   Conjuration/Fire             1
   b - Throw Flame                    Conjuration/Fire             2
   c - Conjure Flame                  Conjuration/Fire             3
   d - Inner Flame                    Hexes/Fire                   3
   e - Sticky Flame                   Conjuration/Fire             4
   f - Fireball                       Conjuration/Fire             5
Comestibles
 b - 3 rations
 g - 3 chunks of flesh


   Skills:
 + Level 0.3(0.0) Fighting
 + Level 1.2(0.0) Maces & Flails
 + Level 2.2(0.8) Dodging
 + Level 2.1(0.7) Stealth
 + Level 2.6(1.2) Spellcasting
 + Level 1.6(0.3) Conjurations
 + Level 3.9(2.4) Fire Magic


You had 2 spell levels left.
You knew the following spells:

 Your Spells              Type           Power        Failure   Level  Hunger
a - Flame Tongue          Conj/Fire      #....        14%         1    ##.....
b - Throw Flame           Conj/Fire      #.....       21%         2    ###....
c - Conjure Flame         Conj/Fire      #.......     38%         3    ####...


Dungeon Overview and Level Annotations

Branches:
Dungeon (3/15)

Altars:
Zin


Innate Abilities, Weirdness & Mutations

Your plain brown scales are hard. (AC +5)
You cannot fit into any form of body armour.
You are cold-blooded and may be slowed by cold attacks.
You have large cloven feet.
You have a pair of small horns on your head.


Message History

Your tail-slap misses the orc priest.
The orc priest completely misses you.
Casting: Flame Tongue
Confirm with . or Enter, or press ? or * to list all spells.
Aiming: Flame Tongue
Press: ? - help, Shift-Dir - straight line, f/p - orc priest
Aim: an orc priest, wearing a leather armour You miscast Flame Tongue.
Nothing appears to happen.
The orc priest mumbles some strange prayers to Beogh against you.
Beogh smites you!
* * * LOW HITPOINT WARNING * * *
Casting: Flame Tongue
Confirm with . or Enter, or press ? or * to list all spells.
Aiming: Flame Tongue
Press: ? - help, Shift-Dir - straight line, f/p - orc priest
Aim: an orc priest, wearing a leather armour The flame tongue hits the orc priest.
The orc priest is severely wounded.
The orc priest calls down the wrath of Beogh upon you.
Beogh smites you!
You die...

#.# #.#
##.########
#.........#
#..######.#
#.....# #.# .
#..##.# #.#
....####...#.###.#
....g.o@.........#
...o####...#.#.#.#
. ##..#.##..# #..#
##..# ..# #..# #.#
.#.# .. ...#
#.#####


You could see an orc priest, an orc and a goblin.

Vanquished Creatures
  3 adders
  4 worms (D:2)
  4 dart slugs
  A leopard gecko (D:2)
  3 orcs (D:3)
  3 giant cockroaches
  2 hobgoblins
  5 jackals
  2 quokkas (D:2)
  5 bats
  A frilled lizard (D:1)
  2 goblins (D:2)
  8 kobolds
  12 rats
55 creatures vanquished.

Notes
Turn   | Place    | Note
-------+----------+-------------------------------------------
     0 | D:1      | Labyrinth the Draconian Fire Elementalist began the quest for the Orb.
     0 | D:1      | Reached XP level 1. HP: 14/14 MP: 3/3
   280 | D:1      | Reached XP level 2. HP: 14/20 MP: 3/5
   284 | D:1      | Learned a level 2 spell: Throw Flame
  1044 | D:2      | Reached XP level 3. HP: 26/26 MP: 4/6
  1624 | D:2      | Reached skill level 1 in Maces & Flails
  1674 | D:2      | Reached XP level 4. HP: 33/33 MP: 1/7
  1712 | D:2      | Gained mutation: You have a pair of small horns on your head. [potion of mutation]
  1712 | D:2      | Gained mutation: You have large cloven feet. [potion of mutation]
  1716 | D:2      | Found a glowing silver altar of Zin.
  2367 | D:3      | Learned a level 3 spell: Conjure Flame
  2372 | D:3      | Killed from afar by an orc priest

Skill      XL: |  1  2  3 |
---------------+----------+-----
Dodging        | 2 |  2.2
Stealth        | 2 |  2.1
Maces & Flails | 1 |  1.2
Fighting       | |  0.3
Spellcasting   | |  2.6
Conjurations   | |  1.6
Fire Magic     | |  3.9

Action                   |  1- 3 |  4- 6 || total
-------------------------+-------+-------++-------
Melee: Whip              |    41 |     7 ||    48
       Tailslap          |     3 |     3 ||     6
       Spear             |       |    16 ||    16
       Kick              |       |     4 ||     4
       Headbutt          |       |     2 ||     2
 Cast: Flame Tongue      |    34 |    17 ||    51
       Throw Flame       |     9 |     5 ||    14
  Use: Potion            |     2 |     1 ||     3
       Scroll            |     5 |     3 ||     8
  Eat: Chunk             |     4 |     3 ||     7
Armor: Skin              |     8 |    12 ||    20
Dodge: Dodged            |    32 |    14 ||    46
